 Dungeon Crawl Stone Soup version 0.24.1-14-gf8d2b509d9 (webtiles) character file.

Game seed: 5140599579053790176, levelgen mode: deterministic

599 barney the Poker (level 7, 52/52 HPs)
             Began as a Red Draconian Transmuter on Sept 29, 2021.
             Quit the game on level 3 of the Dungeon.
             The game lasted 00:05:05 (3176 turns).

barney the Poker (Red Draconian Transmuter)         Turns: 3176, Time: 00:05:06

Health: 52/52      AC:  6    Str: 13    XL:     7   Next: 17%
Magic:  10/10      EV: 12    Int: 15    God:
Gold:   171        SH:  0    Dex: 11    Spells: 1/10 levels left

rFire    + . .     SeeInvis .   d - +0 spear
rCold    . . .     Gourm    .   (no shield)
rNeg     . . .     Faith    +   (armour unavailable)
rPois    +         Spirit   .   (helmet restricted)
rElec    .         Reflect  .   (no cloak)
rCorr    .         Harm     .   (no gloves)
MR       .....                  (no boots)
Stlth    ++........             h - amulet of faith
HPRegen  0.17/turn              n - ring of poison resistance
MPRegen  0.12/turn              (no ring)

@: no status effects
A: breathe fire, unfitting armour, fire resistance 1, cold-blooded, AC +6
a: Breathe Fire


You were on level 3 of the Dungeon.
You were not hungry.

You visited 1 branch of the dungeon, and saw 3 of its levels.

You collected 171 gold pieces.

Inventory:

Hand Weapons
 d - a +0 spear (weapon)
Missiles
 a - 42 arrows
Jewellery
 h - an amulet of faith (around neck)
 n - a ring of poison resistance (left hand)
Scrolls
 e - 2 scrolls of remove curse {unknown}
 i - 3 scrolls of teleportation {unknown}
 j - 2 scrolls of amnesia {unknown}
 k - a scroll of fear {unknown}
 l - a scroll of fog {unknown}
 p - 2 scrolls of immolation {unknown}
 q - 3 scrolls of enchant armour {unknown}
 s - 2 scrolls of magic mapping {unknown}
Potions
 b - a potion of lignification
 f - a potion of heal wounds
 g - a potion of haste
 m - 2 potions of curing
 r - 2 potions of cancellation {unknown}
Comestibles
 c - 4 rations
 o - 12 chunks of flesh


   Skills:
 - Level 1.1 Fighting
 - Level 6.1 Polearms
 + Level 1.7 Dodging
 - Level 3.2 Stealth
 + Level 3.0 Unarmed Combat
 + Level 2.0 Spellcasting
 + Level 3.3 Transmutations
 - Level 0.3 Poison Magic


You had one spell level left.
You knew the following spells:

 Your Spells              Type           Power        Failure   Level  Hunger
a - Beastly Appendage     Tmut           ##....       5%          1    #......
b - Spider Form           Tmut/Pois      #.........   30%         3    ###....
c - Blade Hands           Tmut           ##........   83%         5    ######.

Your spell library contained the following spells:

 Spells                   Type           Power        Failure   Level  Hunger
 Sticks to Snakes         Tmut           ##......     9%          2    ###....
 Ice Form                 Ice/Tmut       #.......     73%         4    #####..


Dungeon Overview and Level Annotations

Branches:
Dungeon (3/15)

Altars:
Makhleb

Annotations:
D:3 2 transporters


Innate Abilities, Weirdness & Mutations

You can breathe blasts of fire.
Your fiery red scales are hard. (AC +6)
You cannot fit into any form of body armour.
Your flesh is heat resistant. (rF+)
You are cold-blooded and may be slowed by cold attacks.


Message History

A quokka is nearby!
You barely miss the quokka.
The quokka is severely wounded.
The quokka bites you.
A quokka is nearby!
You hit the quokka.
You kill the quokka!
s - a scroll labeled AZACEA SORAMU No target in view!
No target in view!
s - 2 scrolls labeled AZACEA SORAMU (gained 1)
A kobold comes into view.
The kobold shouts!
This spell is very dangerous to cast!
Memorise Blade Hands, consuming 5 spell levels and leaving 1?
You start memorising the spell.
You continue memorising. x5
The kobold barely misses you.
You finish memorising.
Spell assigned to 'c'.
Unknown command.
Are you sure you want to abandon this character and quit the game? (Confirm with "yes".)

###########
......K@..#
#########.#
#.# #.# ####
##.###### #.#
....
........# #.#
####
####.####.#
## #
#.......#.#
.###
#.#.#####.#.#


You could see a kobold.

Vanquished Creatures
  Grinder (D:2)
  Sigmund (D:2)
  A necrophage (D:3)
  A hound (D:2)
  Jessica (D:2)
  5 adders (D:2)
  An ooze (D:3)
  A worm (D:2)
  A dart slug (D:2)
  A leopard gecko (D:3)
  5 orcs (D:3)
  6 bats
  4 giant cockroaches
  6 hobgoblins (D:1)
  6 jackals
  A quokka (D:3)
  3 ball pythons
  3 frilled lizards
  4 goblins
  7 kobolds
  9 rats
68 creatures vanquished.

Notes
Turn   | Place    | Note
-------+----------+-------------------------------------------
     0 | D:1      | barney the Draconian Transmuter began the quest for the
                  | Orb.
     0 | D:1      | Reached XP level 1. HP: 16/16 MP: 3/3
   613 | D:1      | Reached XP level 2. HP: 23/23 MP: 5/5
   694 | D:1      | Reached skill level 1 in Polearms
  1022 | D:1      | Reached skill level 1 in Stealth
  1300 | D:2      | Reached XP level 3. HP: 23/28 MP: 4/6
  1416 | D:2      | Reached skill level 2 in Polearms
  1545 | D:2      | Noticed Jessica
  1551 | D:2      | Killed Jessica
  1551 | D:2      | Reached XP level 4. HP: 35/35 MP: 5/7
  1690 | D:2      | Reached skill level 3 in Polearms
  1777 | D:2      | Reached XP level 5. HP: 25/40 MP: 8/8
  2062 | D:2      | Noticed Sigmund
  2097 | D:3      | Noticed a necrophage
  2109 | D:3      | Killed a necrophage
  2109 | D:3      | Reached skill level 4 in Polearms
  2161 | D:3      | Noticed Grinder
  2178 | D:3      | Paralysed by Grinder for 6 turns
  2207 | D:2      | Learned a level 3 spell: Spider Form
  2620 | D:2      | Killed Sigmund
  2620 | D:2      | Reached skill level 5 in Polearms
  2620 | D:2      | Reached XP level 6. HP: 39/47 MP: 5/9
  2678 | D:2      | Found a burning altar of Makhleb.
  2744 | D:2      | Killed Grinder
  2744 | D:2      | Reached skill level 6 in Polearms
  2744 | D:2      | Your scales start taking on a fiery red colour.
  2744 | D:2      | Reached XP level 7. HP: 38/52 MP: 4/10
  2744 | D:2      | Gained mutation: Your flesh is heat resistant. (rF+) [Red
                  | Draconian growth]
  2875 | D:3      | Found a transporter.
  2904 | D:3      | Found a transporter.
  3176 | D:3      | Learned a level 5 spell: Blade Hands
  3176 | D:3      | Quit the game

Levels and vault maps discovered:
D:1:      nicolae_arrival_memento_mori, layout_loops_ring,
          minmay_misc_feat_nine_boxes, bh_walls_and_bars
D:2:      layout_loops_ring, makhleb_blood_cavern_becter, uniq_jessica,
          uniq_sigmund
D:3:      gammafunk_wand_slinger, layout_loops_ring, first_ration,
          kennysheep_generic_room_6, uniq_grinder

Skill      XL: |  1  2  3  4  5  6 |
---------------+-------------------+-----
Polearms       | 1 2 3 5 6 |  6.1
Stealth        | 1 2 3 |  3.2
Transmutations | 3 |  3.3
Fighting       | |  1.1
Dodging        | |  1.7
Unarmed Combat | |  3.0
Spellcasting   | |  2.0
Poison Magic   | |  0.3

Action                   |  1- 3 |  4- 6 |  7- 9 || total
-------------------------+-------+-------+-------++-------
Melee: Spear             |   115 |    96 |    68 ||   279
       Tailslap          |     7 |     6 |     6 ||    19
       Unarmed           |     2 |    16 |       ||    18
       Headbutt          |     2 |     3 |     3 ||     8
       Kick              |     1 |     3 |       ||     4
 Cast: Beastly Appendage |     8 |     3 |     3 ||    14
       Spider Form       |       |     2 |       ||     2
 Abil: Breathe Fire      |       |       |     1 ||     1
  Use: Potion            |       |     5 |       ||     5
 Stab: Sleeping          |     3 |     2 |     3 ||     8
  Eat: Chunk             |     2 |     4 |     2 ||     8
Armor: Skin              |    30 |    30 |     9 ||    69
Dodge: Dodged            |    59 |    52 |    26 ||   137
